 Dungeon Crawl Stone Soup version 0.21.0-3-g78d12a8 (webtiles) character file.

38 Suckerboh the Sneak (level 3, -2/16 HPs)
             Began as a Spriggan Enchanter on Jan 9, 2018.
             Killed from afar by Sigmund (14 damage)
             ... with a puff of flame
             ... on level 2 of the Dungeon.
             The game lasted 00:02:07 (1404 turns).

Suckerboh the Sneak (Spriggan Enchanter)            Turns: 1404, Time: 00:02:08

Health: -2/16      AC:  2    Str:  4    XL:     3   Next: 25%
Magic:  8/8        EV: 19    Int: 17    God:
Gold:   40         SH:  0    Dex: 18    Spells: 5/8 levels left

rFire    . . .     SeeInvis +   a - +1 dagger
rCold    . . .     Gourm    .   (shield restricted)
rNeg     . . .     Faith    .   f - +0 robe (curse)
rPois    .         Spirit   .   (helmet restricted)
rElec    .         Reflect  .   (no cloak)
rCorr    .         Harm     .   (gloves unavailable)
MR       .....                  (boots unavailable)
Stlth    +++.......             (no amulet)
HPRegen  0.05/turn              i - +2 ring of dexterity
MPRegen  0.11/turn              (no ring)

@: very quick
A: very small, unfitting armour, see invisible, herbivore, speed 3, slow
metabolism 2
a: no special abilities


You were on level 2 of the Dungeon.
You were not hungry.

You visited 1 branch of the dungeon, and saw 2 of its levels.

You collected 40 gold pieces.

Inventory:

Hand Weapons
 a - a +1 dagger (weapon)
Armour
 f - a cursed +0 robe (worn)
Jewellery
 i - a +2 ring of dexterity (left hand)
Scrolls
 g - a scroll of enchant armour {unknown}
 j - 2 scrolls of remove curse {unknown}
Potions
 b - 2 potions of magic {unknown}
 e - 2 potions of might {unknown}
 h - a potion of flight {unknown}
 k - a potion of heal wounds {unknown}
Books
 c - a book of Maledictions

   Spells                             Type                      Level
   a - Corona                         Hexes                        1
   b - Ensorcelled Hibernation        Hexes/Ice                    2
   c - Confuse                        Hexes                        3
   d - Tukima's Dance                 Hexes                        3
   e - Dazzling Spray                 Conjuration/Hexes            3
Comestibles
 d - a ration


   Skills:
 + Level 1.4 Short Blades
 + Level 3.2 Dodging
 + Level 4.8 Stealth
 * Level 3.2 Spellcasting
 * Level 4.4 Hexes


You had 5 spell levels left.
You knew the following spells:

 Your Spells              Type           Power        Failure   Level  Hunger
a - Corona                Hex            ###....      2%          1    None
b - Ensorcelled Hibernat  Hex/Ice        ##....       11%         2    ##.....


Dungeon Overview and Level Annotations

Branches:
Dungeon (2/15)

Altars:
Nemelex Xobeh

Annotations:
D:2 Sigmund


Innate Abilities, Weirdness & Mutations

You are very small and have problems with some larger weapons.
You are too small for most types of armour.
You have supernaturally acute eyesight. (SInv)
You are a herbivore.
You cover ground extremely quickly.
You need consume almost no food.


Message History

You start resting.
A bat comes into view.
Items here: )) [ †† a club; a scale mail; a club; an orc corpse; a hobgoblin corpse
Items here: )) [ †† a club; a scale mail; a club; an orc corpse; a hobgoblin corpse
Items here: )) [ †† a club; a scale mail; a club; an orc corpse; a hobgoblin corpse
There is a stone staircase leading up here.
A giant cockroach comes into view.
A kobold comes into view. It is wielding a whip.
The kobold shouts!
Sigmund the Dreaded comes into view.
He is wielding a scythe.
You closely miss the kobold. The kobold barely misses you.
You miss the kobold. The kobold misses you.
Sigmund says, "Now you see me, now you don't..."
Sigmund casts a spell at you. The puff of flame hits you!
Ouch! That really hurt!
You die...

.. #>. .... #.
..#... #. ...#..
#. ###..#.#
#####.##.)....#..
......#.<##.......
#....##...!....
##...#.........
#.#@..........
#.[........#..
##....K........
#.........@...
#..#........#.
....##..........
............#..#
.##..##.........#
.. ...........


You could see Sigmund and a kobold.

Vanquished Creatures
  A worm (D:1)
  A dart slug (D:1)
  An orc (D:2)
  2 bats (D:1)
  4 giant cockroaches
  3 hobgoblins
  6 kobolds (D:1)
  3 ball pythons (D:1)
  A frilled lizard (D:1)
  4 goblins (D:1)
  4 rats (D:1)
30 creatures vanquished.

Notes
Turn   | Place    | Note
-------+----------+-------------------------------------------
     0 | D:1      | Suckerboh the Spriggan Enchanter began the quest for the Orb.
     0 | D:1      | Reached XP level 1. HP: 9/9 MP: 5/5
   511 | D:1      | Reached XP level 2. HP: 13/13 MP: 6/6
   524 | D:1      | Learned a level 2 spell: Ensorcelled Hibernation
   752 | D:1      | Found a sparkling altar of Nemelex Xobeh.
   979 | D:1      | Reached XP level 3. HP: 16/16 MP: 5/8
  1400 | D:2      | Noticed Sigmund
  1404 | D:2      | Killed from afar by Sigmund

Skill      XL: |  1  2 |
---------------+-------+-----
Hexes          | 4 |  4.4
Spellcasting   | 3 |  3.2
Short Blades   | |  1.4
Dodging        | |  3.2
Stealth        | |  4.8

Action                   || total
-------------------------++-------
Melee: Dagger            ||   160
 Cast: Ensorcelled Hiber ||     1
 Stab: Sleeping          ||     7
Armor: Robe              ||     3
Dodge: Dodged            ||   112
